 Dungeon Crawl Stone Soup version 0.23.2-40-g277498a001 (webtiles) character file.

Game seed: 322352084318339589

385 Exodus22XD the Magician (level 6, 0/33 HPs)
             Began as a Deep Elf Wizard on Aug 27, 2019.
             Was an Initiate of Ashenzari.
             Slain by a leopard gecko (2 damage)
             ... on level 4 of the Dungeon.
             The game lasted 00:12:06 (2888 turns).

Exodus22XD the Magician (Deep Elf Wizard)           Turns: 2888, Time: 00:12:07

Health: 0/33       AC:  3    Str:  3 (4)  XL:     6   Next: 48%
Magic:  2/14       EV: 12    Int: 24 (25) God:    Ashenzari [......]
Gold:   127        SH:  0    Dex: 11 (13) Spells: 2/13 levels left

rFire    + . .     SeeInvis .   k - +1 spear
rCold    x . .     Gourm    .   (no shield)
rNeg     . . .     Faith    .   a - +0 robe
rPois    .         Spirit   .   b - +0 hat
rElec    .         Reflect  .   (no cloak)
rCorr    .         Harm     .   (no gloves)
MR       .....                  m - +0 pair of boots
Stlth    ++........             r - amulet of regeneration
HPRegen  0.51/turn              t - ring of fire
MPRegen  0.14/turn              (no ring)

@: very slightly contaminated, hasted, very quick
A: no striking features
a: Curse Item, Renounce Religion


You were on level 4 of the Dungeon.
You worshipped Ashenzari.
Ashenzari was noncommittal.
You were not hungry.

You visited 1 branch of the dungeon, and saw 4 of its levels.

You collected 127 gold pieces.

Inventory:

Hand Weapons
 k - a +1 spear (weapon)
Armour
 a - a +0 robe (worn)
 b - a +0 hat (worn)
 m - a +0 pair of boots (worn)
Jewellery
 r - an amulet of regeneration (around neck)
 t - a ring of fire (left hand)
Wands
 o - a wand of random effects (18)
Scrolls
 e - 4 scrolls of identify {unknown}
 l - a scroll of teleportation {unknown}
 p - a scroll of magic mapping {unknown}
 u - a scroll of remove curse
Potions
 c - 2 potions of degeneration
 f - a potion of haste
 g - a potion of mutation {unknown}
 h - a potion of curing {unknown}
 i - a potion of magic {unknown}
 n - a potion of heal wounds {unknown}
 q - 2 potions of agility {unknown}
Comestibles
 d - 9 rations
 s - 5 chunks of flesh


   Skills:
 - Level 0.3 Fighting
 - Level 2.4 Dodging
 - Level 2.4 Stealth
 - Level 4.4 Spellcasting
 * Level 3.6 Conjurations
 - Level 3.1 Summonings
 - Level 1.1 Translocations
 - Level 3.7 Fire Magic
 - Level 0.1 Air Magic
 - Level 3.3 Poison Magic


You had 2 spell levels left.
You knew the following spells:

 Your Spells              Type           Power        Failure   Level  Hunger
a - Magic Dart            Conj           ###.         1%          1    None
b - Call Imp              Summ           ###.....     3%          2    None
c - Blink                 Tloc           N/A          9%          2    None
d - Conjure Flame         Conj/Fire      ####....     6%          3    ##.....
e - Mephitic Cloud        Conj/Pois/Air  ###.....     11%         3    ##.....

Your spell library contained the following spells:

 Spells                   Type           Power        Failure   Level  Hunger
 Slow                     Hex            #.......     14%         2    None


Dungeon Overview and Level Annotations

Branches:
Dungeon (4/15)
 Temple: D:4-7

Altars:
Ashenzari
Fedhas
Kikubaaqudgha
Okawaru
Trog

Annotations:
D:4 Sigmund


Message History

* * * LOW HITPOINT WARNING * * *
The adder bites you but does no damage.
You feel sick.
You are no longer poisoned.
Something hits you.
* * * LOW HITPOINT WARNING * * *
The adder bites you.
* * * LOW HITPOINT WARNING * * *
As you read the scroll labeled HOIRHY BYLUNG, it crumbles to dust.
It is a scroll of enchant weapon.
Your +0 spear glows red for a moment.
The adder barely misses you.
It was a potion of degeneration.
There was something very wrong with that liquid.
You feel weakened.
You feel dopey.
You feel clumsy. The leopard gecko barely misses you.
The adder barely misses you. Something hits you.
* * * LOW HITPOINT WARNING * * *
It was a potion of haste.
You feel yourself speed up. The leopard gecko bites you.
You die...

#.##.#.###..##.#
#..#.#.........#
...#.#.#....##.#
##...#.###....(# ..
#.........#
........#...#########
#...................#
#..#######..........#
... #...@S.#...# ...
#..#.l{#.#.#
#..#...(.#.#
#..#.$....!#
..(....#####
###..#..# #..#..#
#..#..# #..####


You could see an adder and a leopard gecko.

Vanquished Creatures
  The ghost of Toxa551 the Magician, an amateur HOWn (D:3)
  2 bullfrogs
  Jessica (D:2)
  5 adders
  A worker ant simulacrum (D:3)
  An ooze (D:2)
  A worm (D:3)
  An adder simulacrum (D:3)
  2 leopard geckos (D:1)
  2 ball pythons
  5 bats
  4 giant cockroaches
  6 hobgoblins
  4 frilled lizards
  11 goblins
  10 kobolds
  4 rats
61 creatures vanquished.

Vanquished Creatures (collateral kills)
  An adder simulacrum (D:3)
1 creature vanquished.

Grand Total: 62 creatures vanquished

Notes
Turn   | Place    | Note
-------+----------+-------------------------------------------
     0 | D:1      | Exodus22XD the Deep Elf Wizard began the quest for the Orb.
     0 | D:1      | Reached XP level 1. HP: 10/10 MP: 7/7
   222 | D:1      | Reached XP level 2. HP: 15/15 MP: 5/9
   226 | D:1      | Learned a level 2 spell: Call Imp
  1217 | D:2      | Reached XP level 3. HP: 12/19 MP: 0/10
  1331 | D:2      | Learned a level 2 spell: Blink
  1336 | D:2      | Learned a level 3 spell: Conjure Flame
  1903 | D:2      | Reached XP level 4. HP: 24/24 MP: 6/12
  1981 | D:2      | Noticed Jessica
  1984 | D:2      | Killed Jessica
  1984 | D:2      | Reached skill level 1 in Fire Magic
  1986 | D:2      | Found a bloodstained altar of Trog.
  1986 | D:2      | Found a blossoming altar of Fedhas.
  1994 | D:2      | Found an iron altar of Okawaru.
  1996 | D:2      | Found an ancient bone altar of Kikubaaqudgha.
  1998 | D:2      | Found a shattered altar of Ashenzari.
  2001 | D:2      | Became a worshipper of Ashenzari the Shackled
  2283 | D:3      | Learned a level 3 spell: Mephitic Cloud
  2290 | D:3      | Found a runed translucent gate.
  2292 | D:3      | Found a runed translucent gate.
  2293 | D:3      | Found a runed translucent gate.
  2315 | D:3      | Noticed Toxa551's ghost (amateur HOWn)
  2492 | D:3      | Noticed a bullfrog
  2501 | D:3      | Killed a bullfrog
  2501 | D:3      | Reached XP level 5. HP: 28/28 MP: 2/13
  2623 | D:3      | Killed Toxa551's ghost
  2623 | D:3      | Reached XP level 6. HP: 33/33 MP: 6/14
  2824 | D:4      | Noticed Sigmund
  2888 | D:4      | Slain by a leopard gecko

Skill      XL: |  1  2  3  4  5 |
---------------+----------------+-----
Conjurations   | 2 3 |  3.6
Summonings     | 3 |  3.1
Fire Magic     | 3 |  3.7
Poison Magic   | 3 |  3.3
Fighting       | |  0.3
Dodging        | |  2.4
Stealth        | |  2.4
Spellcasting   | |  4.4
Translocations | |  1.1
Air Magic      | |  0.1

Action                   |  1- 3 |  4- 6 || total
-------------------------+-------+-------++-------
Melee: Spear             |    16 |     2 ||    18
 Cast: Magic Dart        |    94 |    60 ||   154
       Conjure Flame     |       |     6 ||     6
       Mephitic Cloud    |       |     2 ||     2
       Call Imp          |       |     2 ||     2
       Blink             |       |     1 ||     1
  Use: Potion            |       |     2 ||     2
       Scroll            |       |     1 ||     1
  Eat: Chunk             |     3 |     3 ||     6
Armor: Robe              |     1 |     6 ||     7
Dodge: Dodged            |    17 |    35 ||    52
